Map: Mech Depot LE

Players

SamuraiFunn - Winner!

  • Race: Protoss Protoss
  • Spawn Location: 7:00

A.I. 1 (Harder)

  • Race: Terran Terran
  • Spawn Location: 1:00

VOD

Have the link to the VOD?

Description

Time

  • Played on: Oct. 29, 2017, 7:13 p.m.
  • Length: 24:52
Show
View Real Time Build Order
Export as new Build Order

SamuraiFunn Protoss - Winner!

Build Orders:  

Get SALT Encoding   

  12  0:01  Probe (Chrono Boost)  
  13  0:11  Probe (Chrono Boost)  
  14  0:19  Pylon  
  14  0:22  Probe (Chrono Boost)  
  15  0:37  Probe (Chrono Boost)  
  15  0:39  Gateway  
  16  0:48  Probe (Chrono Boost)  
  17  0:51  Assimilator  
  17  0:58  Probe (Chrono Boost)  
  18  1:09  Probe (Chrono Boost)  
  19  1:19  Probe (Chrono Boost)  
  20  1:32  Cybernetics Core  
  20  1:45  Nexus  
  20  1:50  Zealot  
  22  1:59  Pylon  
  22  2:06  Assimilator  
  22  2:19  Twilight Council  
  22  2:23  Zealot  
  22  2:24  Gateway  
  22  2:29  Probe (Chrono Boost)  
  25  2:39  Probe (Chrono Boost)  
  25  2:56  Pylon  
  25  3:04  Probe x2 (Chrono Boost)  
  27  3:10  Assimilator  
  27  3:12  Assimilator  
  27  3:15  Probe x2 (Chrono Boost), Zealot  
  27  3:18  Charge  
  31  3:25  Forge  
  31  3:29  Zealot  
  33  3:45  Gateway  
  33  3:51  Zealot  
  37  4:03  Probe x2 (Chrono Boost)  
  37  4:16  Probe (Chrono Boost)  
  37  4:17  Probe (Chrono Boost)  
  39  4:18  Zealot  
  39  4:19  Zealot  
  43  4:27  Protoss Ground Weapons Level 1  
  43  4:35  Zealot  
  45  4:44  Pylon  
  45  4:50  Stargate  
  46  5:00  Probe x2 (Chrono Boost)  
  46  5:03  Zealot x3  
  53  5:11  Stargate  
  53  5:16  Probe x2 (Chrono Boost)  
  55  5:27  Probe x2 (Chrono Boost)  
  57  5:30  Zealot x2  
  61  5:42  Pylon  
  61  6:00  Void Ray, Zealot  
  67  6:09  Pylon  
  67  6:12  Pylon  
  67  6:17  Pylon  
  67  6:21  Protoss Ground Armor Level 1  
  67  6:25  Pylon  
  67  6:26  Zealot  
  67  6:27  Void Ray, Zealot  
  75  6:47  Void Ray  
  79  7:02  Probe (Chrono Boost)  
  79  7:03  Probe (Chrono Boost)  
  81  7:22  Void Ray  
  85  7:29  Protoss Air Weapons Level 1  
  85  7:34  Void Ray  
  89  7:59  Nexus  
  89  8:02  Pylon, Zealot x3  
  89  8:05  Void Ray  
  95  8:08  Pylon  
  99  8:15  Protoss Shields Level 1  
  99  8:27  Void Ray  
  99  8:33  Zealot  
  105  8:34  Zealot x2  
  109  8:43  Stargate  
  109  8:50  Gateway  
  109  8:59  Probe (Chrono Boost)  
  110  9:05  Probe (Chrono Boost)  
  110  9:08  Zealot x3  
  118  9:10  Probe (Chrono Boost), Void Ray  
  120  9:21  Pylon  
  104  10:08  Void Ray x2  
  104  10:09  Protoss Ground Weapons Level 2  
  104  10:12  Void Ray  
  116  10:16  Protoss Air Armor Level 1  
  92  11:04  Zealot x3  
  90  11:20  Zealot  
  92  11:31  Zealot x2  
  92  11:32  Zealot  
  98  11:47  Zealot  
  100  12:01  Stalker  
  100  12:02  Stalker x2  
  106  12:11  Phoenix x2  
  106  12:12  Phoenix  
  112  12:23  Fleet Beacon  
  112  12:24  Protoss Ground Armor Level 2  
  112  12:29  Stargate  
  112  12:30  Stargate  
  112  12:44  Phoenix x3  
  118  12:56  Pylon x2  
  118  12:58  Pylon  
  118  13:04  Gateway x2  
  114  15:49  Tempest  
  114  15:50  Carrier  
  114  15:56  Oracle  
  114  16:09  Graviton Catapult  
  114  16:21  Tempest x2  
  114  16:32  Tempest  
  114  16:39  Pylon  
  114  16:40  Pylon  
  114  16:42  Pylon  
  114  16:43  Pylon  
  114  16:44  Pylon  
  114  16:48  Assimilator  
  114  16:50  Assimilator  
  114  16:57  Tempest  
  114  17:00  Nexus  
  114  17:03  Pylon  
  114  17:04  Tempest  
  114  17:05  Pylon  
  114  17:06  Pylon  
  114  17:07  Anion Pulse-Crystals  
  114  17:09  Tempest  
  114  18:03  Assimilator  
  114  18:05  Assimilator  
  114  18:36  Tempest x3  
  114  20:33  Carrier x2  
Show
View Real Time Build Order
Export as new Build Order

A.I. 1 (Harder) Terran 

Build Orders: Bio Tank 

Get SALT Encoding   

  12  0:00  SCV  
  13  0:13  SCV  
  14  0:18  Supply Depot  
  14  0:25  SCV  
  15  0:39  SCV  
  16  0:44  Barracks  
  16  0:51  SCV  
  17  1:03  SCV  
  18  1:17  Command Center  
  18  1:32  Orbital Command  
  18  1:33  Marine  
  18  1:39  Supply Depot  
  19  1:45  Refinery  
  19  1:51  Marine  
  20  1:57  SCV  
  21  2:02  Barracks  
  21  2:09  Marine, Refinery  
  21  2:10  SCV  
  23  2:22  SCV  
  24  2:27  Barracks Tech Lab, Supply Depot  
  24  2:39  SCV  
  25  2:45  Marine  
  25  2:48  Marine  
  27  2:53  SCV  
  27  2:56  SCV  
  29  3:03  Marine  
  29  3:05  SCV  
  31  3:07  Barracks Tech Lab  
  31  3:08  SCV  
  32  3:17  SCV  
  33  3:20  SCV  
  33  3:21  Factory, Marauder  
  33  3:26  Marine  
  37  3:29  SCV  
  37  3:31  Factory  
  37  3:32  SCV  
  39  3:50  Refinery  
  39  3:57  Refinery  
  39  4:05  Starport  
  39  4:06  Factory Tech Lab  
  39  4:08  Starport  
  39  4:15  Factory Tech Lab  
  39  4:16  Marauder  
  41  4:27  Reaper  
  42  4:38  Siege Tank  
  45  4:41  SCV  
  45  4:42  Supply Depot  
  45  4:44  Starport Tech Lab x2  
  46  4:48  Widow Mine  
  46  4:49  SCV  
  49  5:02  Stimpack, Viking  
  49  5:03  SCV  
  49  5:04  SCV  
  53  5:08  Supply Depot  
  53  5:12  Combat Shields, Banshee  
  56  5:15  SCV  
  56  5:16  SCV  
  58  5:24  Engineering Bay  
  58  5:28  SCV  
  59  5:30  SCV  
  60  5:37  Marine  
  60  5:40  SCV  
  60  5:42  SCV  
  63  5:46  Supply Depot  
  63  5:51  Terran Infantry Weapons Level 1, Marauder  
  63  5:52  SCV  
  63  5:54  SCV  
  67  6:01  Marauder  
  70  6:04  SCV  
  70  6:08  SCV  
  70  6:09  Supply Depot  
  71  6:12  Reaper  
  71  6:16  SCV  
  73  6:22  Siege Tank  
  76  6:30  Concussive Shells  
  76  6:31  SCV x2  
  78  6:33  Widow Mine, Supply Depot  
  80  6:43  SCV  
  80  6:44  Viking  
  80  6:45  Missile Turret  
  83  6:50  Missile Turret  
  83  6:52  Missile Turret  
  83  6:54  Banshee  
  83  6:55  SCV x2  
  83  6:56  Missile Turret  
  83  6:59  Supply Depot  
  88  7:07  SCV x2, Sensor Tower  
  90  7:12  Bunker  
  90  7:13  Raven  
  92  7:16  Armory  
  92  7:24  Barracks, Bunker  
  92  7:27  Supply Depot  
  92  7:37  Raven  
  94  7:45  Terran Infantry Armor Level 1  
  94  8:11  Barracks Reactor  
  94  8:56  Medivac, Hellion  
  94  8:57  Medivac  
  94  9:01  Factory, Hellion  
  102  9:05  Starport  
  102  9:07  Supply Depot  
  102  9:12  Command Center  
  102  9:16  Marine  
  103  9:17  Siege Tank  
  103  9:22  Siege Tank  
  109  9:25  Marine  
  109  9:28  Medivac, Raven  
  109  9:29  Marine  
  115  9:33  Engineering Bay, Marine  
  115  9:36  Supply Depot  
  116  9:41  Starport Reactor  
  116  9:44  Marine  
  116  9:45  Factory Tech Lab  
  112  9:48  Marine  
  112  9:52  Marine  
  85  9:57  Siege Tank  
  84  10:01  Marine  
  84  10:05  Siege Tank  
  88  10:10  Marine  
  89  10:14  Siege Tank  
  89  10:15  Terran Infantry Weapons Level 2  
  89  10:18  Marine  
  93  10:23  Marine, Viking  
  93  10:25  SCV x2  
  93  10:26  SCV  
  93  10:27  Marine  
  81  10:31  Viking  
  61  10:35  Siege Tank  
  61  10:37  SCV  
  61  10:38  SCV  
  61  10:40  SCV, Siege Tank  
  56  10:43  Viking  
  56  10:45  Refinery  
  56  10:48  Hellion  
  56  10:49  SCV  
  49  10:52  SCV, Marine  
  49  10:56  Marine  
  45  11:01  SCV  
  45  11:03  Refinery  
  45  11:04  SCV  
  45  11:05  Command Center  
  45  11:09  Marine  
  35  11:13  SCV, Viking  
  35  11:14  Marine  
  35  11:16  SCV  
  35  11:18  Hellion  
  28  11:30  Command Center  
  28  11:31  Marine  
  29  11:39  Marine  
  26  11:45  SCV  
  26  12:42  SCV, Refinery  
  27  12:48  SCV  
  28  12:53  SCV  
  29  12:59  SCV  
  29  13:03  SCV  
  31  13:09  SCV  
  32  13:14  SCV  
  32  13:17  SCV  
  34  13:23  SCV  
  35  13:27  SCV  
  35  13:30  SCV  
  35  13:33  Marine  
  38  13:37  Widow Mine  
  38  13:43  Marine  
  28  13:50  Marine  
  28  13:53  SCV  
  29  14:01  Marine  
  9  14:48  Command Center  
  9  15:02  SCV  
  4  15:14  SCV  
Tags
 
Composition
Bio Tank
Matchup
PvT
Replay Pack
First 100 games
Spawn Locations
Cross Positions
Add a new tag
Caveats
  • Supply blocks, unpowered buildings, or Contaminate may cause inaccurate times.
  • Supply counts are checked every 10 seconds.